 Dungeon Crawl Stone Soup version 0.30-a0-634-g8abc85282e (webtiles) character file.

Game seed: 13208143738949345072

210 wormed the Changer (level 5, -4/34 HPs)
             Began as an Octopode Transmuter on Jan 15, 2023.
             Slain by an orc
             ... wielding a +0 club
              (5 damage)
             ... on level 3 of the Dungeon.
             The game lasted 00:03:01 (2396 turns).

wormed the Changer (Octopode Transmuter)            Turns: 2396, Time: 00:03:01

Health: -4/34      AC:  1    Str:  9    XL:     5   Next: 87%
Magic:  4/8        EV: 13    Int: 17    God:
Gold:   104        SH:  0    Dex: 13    Spells: 2/9 levels left

rFire   . . .      SeeInvis .      - Unarmed
rCold   . . .      Faith    .    (no shield)
rNeg    . . .      Spirit   .    (helmet currently unavailable)
rPois   +          Reflect  .    (no amulet)
rElec   .          Harm     .    g - ring of poison resistance
rCorr   .          Rampage  .    h - ring of flight
Will    .....                    (no ring)
Stlth   ++                       (no ring)
HPRegen 0.25/turn                (no ring)
MPRegen 0.11/turn                (no ring)
                                 (no ring)
                                 (no ring)

@: appendages, wereblooded, flying
A: tentacle spike 3, almost no armour, amphibious, 8 rings, camouflage 1,
gelatinous body 1, (nimble swimmer 1), tentacles
a: End Transformation


You were on level 3 of the Dungeon.
One of your tentacles had grown a beastly spike.
You visited 1 branch of the dungeon, and saw 3 of its levels.

You collected 104 gold pieces.

Inventory:

Jewellery
 g - a ring of poison resistance (left tentacle)
 h - a ring of flight (right tentacle)
Scrolls
 c - a scroll of fog
 e - 2 scrolls of teleportation
 i - a scroll of amnesia
 k - a scroll of identify
Potions
 a - a potion of magic
 b - a potion of haste
 d - a potion of flight {unknown}
 f - a potion of curing {unknown}
 j - a potion of mutation {unknown}
 l - 2 potions of attraction {unknown}
 n - a potion of cancellation {unknown}
 o - a potion of heal wounds {unknown}


   Skills:
 + Level 2.1 Fighting
 + Level 2.9 Dodging
 + Level 3.6 Unarmed Combat
 + Level 2.6 Spellcasting
 * Level 3.6 Transmutations
 + Level 1.6 Ice Magic


You had 2 spell levels left.
You knew the following spells:

 Your Spells              Type           Power      Damage    Failure   Level
a - Beastly Appendage     Tmut           28%        N/A       4%          1
b - Wereblood             Tmut           14%        N/A       6%          2
c - Ice Form              Ice/Tmut       11%        N/A       52%         4

Your spell library contained the following spells:

 Spells                   Type           Power      Damage    Failure   Level
 Freeze                   Ice            28%        1d5       10%         1
 Blink                    Tloc           4%         N/A       28%         2
 Momentum Strike          Conj/Tloc      4%         3d8       28%         2
 Spider Form              Tmut/Pois      8%         N/A       26%         3
 Frozen Ramparts          Ice            14%        1d3       28%         3
 Hailstorm                Conj/Ice       4%         3d4       36%         3
 Lesser Beckoning         Tloc           4%         N/A       50%         3


Dungeon Overview and Level Annotations

Branches:
Dungeon (3/15)

Altars:

Shops:
D:2 [


Innate Abilities, Weirdness & Mutations

One of your tentacles has grown a beastly spike.
You cannot wear most types of armour.
You are amphibious.
You can wear up to eight rings at the same time.
Your skin changes colour to match your surroundings (Stealth+).
Your rubbery body absorbs attacks. (AC +1, EV +1)
((You are camouflaged when in or above water. (Stealth+)))
You have tentacles for arms and can constrict up to eight enemies at once.


Message History

You closely miss the orc. You grab the orc. You squeeze the orc!
You feel a bit better.
You kill the orc!
You howl as the wereblood boils in your veins!
The orc priest mumbles some strange prayers to Beogh against you.
Beogh smites you!
Things that are here:
a +0 club; a scroll of identify Something hits you.
You barely miss the orc priest. You grab the orc priest.
You constrict the orc priest. The orc priest closely misses you.
The orc wizard mumbles some strange words.
The orc wizard flickers and vanishes!
Something hits you.
You tentacle-slap the orc priest.
The orc priest is moderately wounded.
You constrict the orc priest.
You hear some strange, mumbled words.
A magic dart appears from out of thin air!
The magic dart hits you! The orc priest misses you.
You are too injured to fight recklessly!
You are too injured to fight recklessly!
You are too injured to fight recklessly!
You are too injured to fight recklessly!
You tentacle-slap the orc priest. You squeeze the orc priest.
The orc priest is almost dead.
You constrict the orc priest. The orc priest barely misses you.
Something hits you but does no damage.
You tentacle-slap the orc priest but do no damage.
You pierce the orc priest.
You feel a bit better.
You kill the orc priest!
Something hits you.
You tentacle-slap the orc. You grab the orc.
You pierce the orc.
The orc is moderately wounded.
You constrict the orc, but do no damage.
You hear some strange, mumbled words.
A puff of flame appears from out of thin air!
The puff of flame hits you!
* * * LOW HITPOINT WARNING * * *
The orc hits you with a +0 club.
You die...

## #..###.#...#####
# #......##......#
...#......##..###.#
.............##
....#.....#### .
#.....# #####.#
#)## #{@# ##o#####
#....<.# #......#
#......# #......#
.........
###........
#.{...!##


You could see an orc.

Vanquished Creatures
  An orc priest (D:3)
  Natasha (thrice) (D:2)
  Terence (D:2)
  An adder (D:3)
  2 worms (D:2)
  2 dart slugs
  4 orcs
  3 ball pythons (D:2)
  9 endoplasms
  A giant cockroach (D:3)
  2 goblins
  7 hobgoblins
  4 kobolds
  4 quokkas
  4 bats
  5 frilled lizards (D:1)
  2 rats
55 creatures vanquished.

Notes
Turn   | Place    | Note
-------+----------+-------------------------------------------
     0 | D:1      | wormed the Octopode Transmuter began the quest for the Orb.
     0 | D:1      | Reached XP level 1. HP: 13/13 MP: 3/3
   155 | D:1      | Reached XP level 2. HP: 18/18 MP: 5/5
   158 | D:1      | Learned a level 2 spell: Wereblood
   678 | D:1      | Reached XP level 3. HP: 23/23 MP: 2/6
  1040 | D:2      | Found Taczim's Antique Armour Shop.
  1455 | D:2      | Noticed Natasha
  1478 | D:2      | Killed Natasha
  1479 | D:2      | Reached skill level 1 in Ice Magic
  1479 | D:2      | Reached XP level 4. HP: 5/28 MP: 2/7
  1611 | D:2      | Learned a level 4 spell: Ice Form
  1727 | D:2      | Noticed Terence
  1733 | D:2      | Killed Terence
  1867 | D:2      | Noticed Natasha
  1872 | D:2      | Killed Natasha
  1873 | D:2      | Reached XP level 5. HP: 34/34 MP: 4/8
  1962 | D:2      | Noticed Natasha
  1966 | D:2      | Killed Natasha
  2396 | D:3      | HP: 1/34 [something/puff of flame (12)]
  2396 | D:3      | Slain by an orc

Illustrated notes

Levels and vault maps discovered:
D:1:      elethiomel_arrival_maze, layout_rooms, serial_bayou,
          serial_bayou_shore_b, serial_bayou_pond_e, serial_bayou_pond_c,
          serial_bayou_crossing, corexii_corridor_pit
D:2:      layout_basic, serial_shops, shop, minmay_surrounded, uniq_terence,
          uniq_natasha
D:3:      layout_rooms, amcnicky_altar_gilded, trog_book, st_stairs_3,
          minmay_pentangle

Skill      XL: |  1  2  3  4  5 |
---------------+----------------+-----
Transmutations | 3 |  3.6
Ice Magic      | 1 |  1.6
Fighting       | 2 |  2.1
Dodging        | |  2.9
Unarmed Combat | |  3.6
Spellcasting   | |  2.6

Action                   |  1- 3 |  4- 6 || total
-------------------------+-------+-------++-------
Melee: Unarmed           |    88 |    34 ||   122
       Tentacles         |    20 |    14 ||    34
       Constrict         |    20 |    11 ||    31
       Kick              |    18 |     9 ||    27
       Punch             |     1 |     1 ||     2
 Cast: Beastly Appendage |    16 |     8 ||    24
       Wereblood         |    13 |     8 ||    21
  Use: Scroll            |     4 |     4 ||     8
       Potion            |     1 |     1 ||     2
 Stab: Sleeping          |     2 |     1 ||     3
Armor: Skin              |     9 |     3 ||    12
Dodge: Dodged            |    52 |    24 ||    76

Table legend: (Time is in decaauts)
 A = Elapsed time spent in this place.
 B = Non-inter-level travel time spent in this place.
 C = Inter-level travel time spent in this place.
 D = Time resting spent in this place.
 E = Time spent auto-exploring this place.
 F = Levels seen in this place.
 G = Mean time per level.
                   A        B        C        D        E       F      G
               +--------+--------+--------+--------+--------+-----+--------+
         Total |   2397 |   2330 |     67 |      0 |   1877 |   3 |  799.0 |
       Dungeon |   2397 |   2330 |     67 |      0 |   1877 |   3 |  799.0 |
               +--------+--------+--------+--------+--------+-----+--------+

Top non-repeatable levels by time:
     D:2: 1297 daAuts
     D:1: 958 daAuts
     D:3: 141 daAuts
